Map: 트라이튼 - 래더

Players

soO - Winner!

  • Race: Zerg Zerg
  • Spawn Location: 5:00

DnS

  • Race: Protoss Protoss
  • Spawn Location: 11:00

Event: IEM Katowice 2020

VOD

Have the link to the VOD?

Description

Time

  • Played on: Feb. 25, 2020, 5:11 a.m.
  • Length: 14:06

All games in this series

Show
View Real Time Build Order
Export as new Build Order

soO Zerg - Winner!

Build Orders: Hatch First 

Get SALT Encoding   

  12  0:00  Drone  
  13  0:11  Overlord  
  13  0:16  Drone  
  14  0:30  Drone x2  
  16  0:48  Drone  
  17  0:53  Drone  
  18  0:58  Hatchery  
  18  1:02  Drone  
  18  1:07  Extractor  
  17  1:12  Spawning Pool  
  17  1:16  Drone  
  17  1:19  Drone  
  18  1:27  Drone  
  19  1:37  Drone  
  20  1:48  Overlord  
  20  1:59  Queen  
  22  2:07  Zergling x2  
  23  2:10  Zergling x2, Queen  
  23  2:12  Metabolic Boost  
  23  2:14  Drone  
  27  2:21  Drone x2  
  29  2:36  Hatchery  
  28  2:39  Zergling x2  
  29  2:45  Queen  
  29  2:51  Overlord  
  30  2:52  Drone  
  30  2:54  Drone  
  30  2:56  Drone  
  33  3:04  Drone x2  
  35  3:09  Drone  
  35  3:10  Drone x2  
  35  3:11  Drone  
  39  3:18  Drone x3  
  42  3:28  Drone x2  
  42  3:31  Overlord  
  42  3:33  Overlord  
  44  3:38  Overlord  
  44  3:42  Overlord  
  44  3:44  Spore Crawler  
  44  3:45  Spore Crawler  
  42  3:49  Drone x2  
  42  3:54  Queen  
  46  3:57  Drone  
  46  4:02  Drone x2  
  49  4:08  Queen  
  51  4:11  Zergling x2  
  51  4:12  Zergling x4  
  55  4:17  Drone  
  55  4:18  Lair, Drone  
  55  4:21  Zergling x2  
  57  4:24  Drone  
  57  4:27  Zergling x4  
  60  4:31  Roach Warren  
  60  4:36  Zergling x8  
  63  4:40  Zergling x2  
  63  4:41  Zergling x6  
  64  4:50  Drone  
  64  4:51  Drone x3  
  61  4:53  Drone x2  
  61  4:54  Drone  
  61  4:57  Drone  
  61  4:59  Drone  
  66  5:01  Drone  
  66  5:02  Drone  
  66  5:04  Drone  
  69  5:08  Drone  
  69  5:14  Drone x4  
  73  5:16  Spore Crawler  
  73  5:18  Glial Reconstitution  
  73  5:20  Drone  
  74  5:22  Extractor  
  74  5:23  Extractor, Overseer  
  74  5:27  Drone x4  
  76  5:29  Drone  
  76  5:30  Drone  
  76  5:32  Drone  
  76  5:34  Drone x2  
  81  5:38  Overlord  
  81  5:39  Overlord  
  81  5:45  Drone, Overlord  
  82  5:50  Overlord  
  82  5:53  Extractor x2, Overlord  
  80  5:58  Overseer  
  80  6:00  Drone x3  
  80  6:01  Drone  
  80  6:02  Drone  
  80  6:04  Evolution Chamber  
  84  6:05  Drone  
  84  6:06  Drone  
  84  6:09  Roach x3  
  91  6:14  Roach x2  
  91  6:18  Spine Crawler  
  94  6:19  Roach  
  94  6:20  Roach x4  
  94  6:23  Overlord  
  100  6:26  Roach x2  
  100  6:30  Spine Crawler  
  100  6:31  Ravager x2  
  100  6:32  Ravager  
  106  6:33  Roach  
  106  6:34  Spine Crawler  
  106  6:37  Roach  
  109  6:41  Roach x2  
  109  6:42  Zergling x6  
  115  6:49  Zergling x6, Roach x2  
  122  6:57  Roach x2  
  122  6:58  Zergling x2  
  122  6:59  Zergling x6  
  126  7:03  Roach x3  
  126  7:05  Overseer  
  128  7:09  Overlord  
  128  7:10  Ravager  
  128  7:11  Overlord  
  128  7:14  Overlord  
  129  7:18  Overlord  
  129  7:22  Spire  
  128  7:24  Drone  
  128  7:25  Drone, Overlord  
  128  7:28  Extractor  
  129  7:36  Roach x4  
  136  7:45  Hatchery, Roach x2  
  137  7:52  Zergling x2  
  137  7:53  Zergling x8  
  138  8:07  Drone x2  
  138  8:10  Zergling x14, Baneling Nest  
  138  8:11  Evolution Chamber  
  145  8:22  Zergling x8  
  148  8:28  Zergling x2  
  148  8:29  Zergling x16  
  145  8:37  Hatchery  
  136  8:51  Overlord  
  134  9:04  Drone x2  
  134  9:05  Drone, Centrifical Hooks  
  134  9:06  Zerg Melee Weapons Level 1  
  139  9:10  Zergling x8, Roach x9  
  159  9:17  Overlord  
  159  9:19  Ravager x3  
  162  9:34  Roach x7  
  176  9:40  Zergling x12  
  182  9:46  Baneling x13  
  182  9:51  Drone  
  182  9:52  Overlord x2  
  183  9:57  Drone  
  183  9:58  Overlord  
  184  10:01  Overlord  
  184  10:05  Overlord  
  184  10:06  Overlord  
  183  10:12  Zergling x22  
  183  10:14  Baneling x13  
  194  10:20  Zergling x2  
  195  10:24  Baneling  
  195  10:25  Baneling x5  
  195  10:27  Zergling x12  
  194  10:32  Zergling x8  
  193  10:41  Drone x4  
  195  10:43  Zergling x8  
  191  10:50  Ravager x3  
  191  10:51  Ravager  
  191  10:54  Zergling x8  
  191  10:55  Zergling x6  
  186  11:05  Zergling x16  
  186  11:06  Zergling x4  
  187  11:16  Zergling x12  
  192  11:24  Drone x2  
  192  11:25  Drone x3  
  192  11:33  Zergling x16  
  183  11:53  Drone x4  
  186  11:57  Baneling x4  
  185  12:03  Zergling x18  
  194  12:10  Zergling x10  
  196  12:18  Zergling x8  
  200  12:23  Baneling x4  
  200  12:24  Baneling x13  
  200  12:30  Baneling x2  
  200  12:31  Baneling x12  
  200  12:34  Baneling x14  
  197  12:45  Zergling x2  
  197  12:46  Zergling x4  
  200  12:56  Hatchery  
  193  13:01  Zergling x16  
  198  13:12  Zergling x34  
  177  13:17  Zergling x14  
  158  13:22  Zergling x8  
  158  13:23  Ravager  
  158  13:25  Zergling x4  
  162  13:34  Baneling  
  162  13:35  Baneling x11  
  162  13:38  Hatchery  
  162  13:39  Zergling x4  
  162  13:40  Zergling x2  
  160  13:42  Zergling x4  
  160  13:44  Zergling x2  
  160  13:48  Zergling x8  
Show
View Real Time Build Order
Export as new Build Order

DnS Protoss 

Build Orders: 1 Gate Expand, Oracle Opening 

Get SALT Encoding   

  12  0:00  Probe  
  13  0:12  Probe  
  14  0:20  Pylon  
  14  0:24  Probe  
  15  0:38  Probe (Chrono Boost)  
  15  0:41  Gateway  
  16  0:48  Probe (Chrono Boost)  
  17  0:51  Assimilator  
  17  0:53  Probe (Chrono Boost)  
  18  1:04  Probe  
  19  1:16  Probe  
  20  1:25  Nexus  
  21  1:36  Cybernetics Core  
  21  1:39  Probe  
  21  1:45  Assimilator  
  21  1:51  Probe  
  22  1:55  Pylon  
  22  2:03  Probe  
  23  2:10  Adept (Chrono Boost)  
  23  2:11  Probe  
  26  2:19  Probe  
  26  2:20  Stargate  
  26  2:28  Warp Gate  
  27  2:30  Probe  
  27  2:36  Stalker (Chrono Boost)  
  28  2:39  Probe  
  31  2:44  Probe  
  32  2:53  Probe  
  32  2:56  Probe  
  34  3:03  Oracle (Chrono Boost)  
  34  3:05  Probe  
  35  3:09  Probe  
  35  3:10  Gateway  
  39  3:17  Probe  
  40  3:21  Probe  
  41  3:29  Probe  
  41  3:33  Probe  
  43  3:36  Pylon, Oracle (Chrono Boost)  
  43  3:38  Assimilator  
  43  3:40  Assimilator  
  46  3:46  Pylon  
  46  3:54  Probe x2  
  48  3:57  Robotics Facility  
  48  4:07  Probe x2  
  50  4:10  Pylon  
  50  4:16  Adept x2  
  54  4:19  Probe x2  
  54  4:20  Pylon  
  56  4:31  Probe x2, Gateway  
  58  4:33  Gateway x2  
  58  4:40  Gateway  
  58  4:48  Immortal (Chrono Boost)  
  60  4:53  Sentry x2  
  60  5:01  Probe, Pylon  
  61  5:17  Sentry x2  
  61  5:18  Immortal (Chrono Boost)  
  61  5:20  Gateway  
  69  5:29  Zealot x3  
  75  5:40  Zealot  
  75  5:42  Warp Prism (Chrono Boost)  
  77  5:49  Nexus  
  79  5:50  Pylon  
  79  5:54  Sentry x2  
  79  5:55  Sentry  
  85  6:09  Stalker x3  
  91  6:14  Observer  
  92  6:30  Pylon x2  
  91  6:32  Pylon  
  91  6:45  Probe x2  
  93  6:51  Stalker x6  
  93  6:52  Zealot  
  107  6:57  Probe  
  106  7:01  Probe  
  103  7:10  Probe x2  
  103  7:12  Immortal (Chrono Boost)  
  103  7:13  Probe  
  103  7:15  Twilight Council  
  110  7:16  Forge  
  110  7:22  Probe x2  
  112  7:25  Probe, Sentry  
  112  7:26  Sentry, Zealot  
  119  7:32  Zealot  
  119  7:34  Probe x2  
  119  7:35  Zealot  
  124  7:37  Probe  
  125  7:44  Zealot  
  125  7:45  Zealot  
  125  7:46  Zealot  
  125  7:47  Probe x2  
  129  7:53  Probe, Charge (Chrono Boost)  
  130  7:59  Probe  
  130  8:03  Probe  
  130  8:05  Probe  
  131  8:07  Pylon  
  131  8:09  Pylon  
  131  8:13  Phoenix, Protoss Ground Weapons Level 1 (Chrono Boost)  
  131  8:16  Pylon  
  133  8:32  Stalker x5  
  135  8:41  Phoenix (Chrono Boost)  
  135  8:46  Probe x3  
  140  8:54  Stalker x2  
  144  8:58  Pylon  
  144  9:02  Zealot x5  
  152  9:06  Probe  
  152  9:08  Pylon  
  155  9:11  Probe x2  
  155  9:12  Assimilator  
  155  9:14  Assimilator  
  155  9:15  Pylon  
  157  9:19  Probe  
  157  9:20  Photon Cannon  
  157  9:22  Gateway  
  158  9:38  Zealot  
  158  9:39  Zealot x6  
  158  9:40  Templar Archives  
  158  9:43  Probe x2  
  174  9:47  Probe  
  175  9:56  Pylon  
  175  9:58  Pylon  
  175  10:01  Pylon  
  175  10:11  Psionic Storm  
  175  10:18  Zealot  
  175  10:19  Zealot x7  
  191  10:22  Nexus  
  191  10:28  Immortal (Chrono Boost)  
  187  10:40  High Templar x6  
  187  10:41  High Templar  
  195  10:56  Pylon  
  191  11:01  Protoss Ground Weapons Level 2 (Chrono Boost)  
  173  11:04  Immortal (Chrono Boost)  
  173  11:05  Zealot  
  159  11:15  Shield Battery  
  159  11:16  Shield Battery  
  151  11:20  High Templar x4  
  151  11:24  Archon x2  
  150  11:45  Warp Prism (Chrono Boost)  
  146  11:53  High Templar  
  146  11:54  High Templar x3  
  150  11:58  Archon, Nexus  
  150  11:59  Pylon  
  150  12:00  Archon  
  152  12:02  Pylon  
  152  12:10  Probe x3  
  152  12:12  Photon Cannon  
  151  12:22  High Templar x3, Photon Cannon x2  
  151  12:23  High Templar  
  151  12:24  Phoenix  
  151  12:26  Archon, Gateway  
  151  12:27  Archon, Zealot x4  
  151  12:28  Gateway  
  163  12:37  Photon Cannon  
  163  12:38  Probe x3  
  163  12:40  Assimilator  
  163  12:42  Assimilator  
  164  12:47  Zealot  
  164  12:48  Zealot  
  168  12:56  High Templar  
  168  12:57  High Templar  
  162  12:58  Probe x3  
  162  13:01  Archon, High Templar  
  162  13:02  High Templar  
  163  13:06  Archon  
  163  13:10  Probe  
  163  13:11  Archon  
  102  13:26  Zealot x4  
  106  13:29  Zealot  
  106  13:30  Zealot  
  110  13:34  Zealot x2  
  94  13:53  Zealot x6  

Tags
 
Add a new tag
Caveats
  • Supply blocks, unpowered buildings, or Contaminate may cause inaccurate times.
  • Supply counts are checked every 10 seconds.